 Dungeon Crawl Stone Soup version 0.27-a0-1188-g73eefd5def (webtiles) character file.

Game seed: 128878367182514468

182 ZappyNine the Sneak (level 5, -6/33 HPs)
             Began as a Kobold Brigand on May 21, 2021.
             Killed from afar by an orc wizard (7 damage)
             ... with a puff of flame
             ... on level 3 of the Dungeon.
             The game lasted 00:03:34 (3177 turns).

ZappyNine the Sneak (Kobold Brigand)                Turns: 3177, Time: 00:03:35

Health: -6/33      AC:  3    Str: 15    XL:     5   Next: 93%
Magic:  5/5        EV: 14    Int: 12    God:
Gold:   97         SH:  0    Dex: 23    Spells: 4/4 levels left

rFire    . . .     SeeInvis .   a - +2 dagger
rCold    . . .     Faith    .   (shield restricted)
rNeg     . . .     Spirit   .   b - +0 robe
rPois    .         Reflect  .   (no helmet)
rElec    .         Harm     .   c - +0 cloak
rCorr    .         Rampage  .   (no gloves)
Will     .....                  (no boots)
Stlth    +++++.....             k - amulet of magic regeneration
HPRegen  0.11/turn              h - +6 ring of strength
MPRegen  0.34/turn              i - +6 ring of dexterity

@: lethally poisoned (-6 -> -22)
A: small, no large weapons, nightstalker 3
a: no special abilities


You were on level 3 of the Dungeon.
You visited 1 branch of the dungeon, and saw 3 of its levels.

You collected 97 gold pieces.

Inventory:

Hand Weapons
 a - a +2 dagger (weapon)
Missiles
 d - 21 poisoned darts (quivered)
 e - 2 curare-tipped darts
Armour
 b - a +0 robe (worn)
 c - a +0 cloak (worn)
Jewellery
 h - a +6 ring of strength (left hand)
 i - a +6 ring of dexterity (right hand)
 k - an amulet of magic regeneration (around neck)
Potions
 f - a potion of lignification {unknown}


   Skills:
 + Level 4.2 Fighting
 + Level 4.3 Short Blades
 - Level 2.1 Throwing
 - Level 1.2 Dodging
 - Level 7.0 Stealth


You had 4 spell levels left.
You didn't know any spells.
Your spell library contained the following spells:

 Spells                   Type           Power      Damage    Failure   Level
 Foxfire                  Conj/Fire      0%         2x1d4     32%         1
 Conjure Flame            Conj/Fire      0%         6-21      69%         3
 Inner Flame              Hex/Fire       0%         N/A       69%         3
 Sticky Flame             Conj/Fire      0%         2d3       97%         4
 Fireball                 Conj/Fire      0%         3d3       100%        5


Dungeon Overview and Level Annotations

Branches:
Dungeon (3/15)

Altars:

Shops:
D:1 [(


Innate Abilities, Weirdness & Mutations

You are small and have problems with some larger weapons.
You are completely attuned to the shadows.


Message History

Throw: 24 darts (poison)
Press: ? - help, Q - select action, (/) - cycle Shift-Dir - straight line, f - orc wizard
Aim: an orc wizard, wielding a +0 dagger of venom and wearing a +0 robe (60% to hit)
You throw a poisoned dart. The poisoned dart hits the orc wizard.
The orc wizard points at you and mumbles some strange words.
You resist with some effort.
Unknown command.
Throw: 23 darts (poison)
Press: ? - help, Q - select action, (/) - cycle Shift-Dir - straight line, f/p - orc wizard
Aim: an orc wizard, wielding a +0 dagger of venom and wearing a +0 robe (60% to hit)
You throw a poisoned dart. The poisoned dart hits the orc wizard.
The orc wizard hits you with a +0 dagger of venom.
You are poisoned.
Unknown command.
You barely miss the orc wizard.
You feel sick.
The orc looks more healthy.
The orc wizard points at you and mumbles some strange words.
The puff of flame hits you!
* * * LOW HITPOINT WARNING * * *
You barely miss the orc wizard.
* * * LOW HITPOINT WARNING * * *
You feel sick.
Unknown command.
You feel better.
The orc wizard hits you with a +0 dagger of venom.
You are poisoned.
Throw: 22 darts (poison)
Press: ? - help, Q - select action, (/) - cycle Shift-Dir - straight line, f/p - orc wizard
Aim: an orc wizard, wielding a +0 dagger of venom and wearing a +0 robe (60% to hit)
You throw a poisoned dart.
The poisoned dart completely misses the orc wizard.
You feel sick.
The orc wizard hits you with a +0 dagger of venom.
* * * LOW HITPOINT WARNING * * *
You are more poisoned.
Unknown command.
* * * LOW HITPOINT WARNING * * *
You feel very sick. The orc wizard casts a spell at you.
The puff of flame hits you!
You die...

.# #o# ######.#
......o.#
#......o########
.......o{o......
#.......###@###
........###.#
.............
#####...###.##
####.......#
##......##
.'....>...
.#........
..........


You could see an orc wizard and 2 orcs.

Vanquished Creatures
  An ogre (D:3)
  An adder (D:3)
  6 orcs (D:3)
  8 bats
  9 endoplasms
  2 giant cockroaches
  10 goblins
  6 hobgoblins
  7 jackals
  A quokka (D:2)
  5 ball pythons
  2 frilled lizards
  3 kobolds
  11 rats
72 creatures vanquished.

Notes
Turn   | Place    | Note
-------+----------+-------------------------------------------
     0 | D:1      | ZappyNine the Kobold Brigand began the quest for the Orb.
     0 | D:1      | Reached XP level 1. HP: 12/12 MP: 1/1
    64 | D:1      | Found Heari's Antique Weapon Boutique.
   342 | D:1      | Reached XP level 2. HP: 14/18 MP: 2/2
   345 | D:1      | Found Qaenut's Antique Armour Shoppe.
   556 | D:1      | Reached skill level 6 in Stealth
   964 | D:1      | Reached XP level 3. HP: 22/22 MP: 3/3
  1209 | D:1      | Found a faded altar of an unknown god.
  1647 | D:2      | Reached XP level 4. HP: 23/28 MP: 4/4
  1952 | D:2      | Reached skill level 7 in Stealth
  2479 | D:3      | Noticed an ogre
  2537 | D:3      | Killed an ogre
  2538 | D:3      | Reached XP level 5. HP: 22/33 MP: 5/5
  3177 | D:3      | HP: 1/33 [poisoned by an orc wizard]
  3177 | D:3      | Killed from afar by an orc wizard

Illustrated notes

Levels and vault maps discovered:
D:1:      psy_arrival_wood_between_worlds, layout_basic,
          shapermc_ecumenical_altar_notcrosses, serial_shops,
          nicolae_shop_temple_entry_statues_fountains, nicolae_shop_crystal
D:2:      layout_basic, minmay_misc_feat_four_crosses
D:3:      layout_basic, minmay_misc_feat_doors, nrook_loot_triangle

Skill      XL: |  1  2  3  4 |
---------------+-------------+-----
Stealth        | 6 7 |  7.0
Fighting       | 3 4 |  4.2
Short Blades   | 4 |  4.3
Throwing       | |  2.1
Dodging        | |  1.2

Action                   |  1- 3 |  4- 6 || total
-------------------------+-------+-------++-------
Melee: Dagger            |   129 |    73 ||   202
Throw: Dart              |       |    15 ||    15
  Use: Potion            |       |     4 ||     4
       Scroll            |       |     1 ||     1
 Stab: Sleeping          |    14 |    12 ||    26
       Distracted        |       |     1 ||     1
Armor: Robe              |    29 |    10 ||    39
Dodge: Dodged            |    73 |    35 ||   108

Table legend: (Time is in decaauts)
 A = Elapsed time spent in this place.
 B = Non-inter-level travel time spent in this place.
 C = Inter-level travel time spent in this place.
 D = Time resting spent in this place.
 E = Time spent auto-exploring this place.
 F = Levels seen in this place.
 G = Mean time per level.
                   A        B        C        D        E       F      G
               +--------+--------+--------+--------+--------+-----+--------+
         Total |   3158 |   3133 |     25 |    335 |   2323 |   3 | 1052.7 |
       Dungeon |   3158 |   3133 |     25 |    335 |   2323 |   3 | 1052.7 |
               +--------+--------+--------+--------+--------+-----+--------+

Top non-repeatable levels by time:
     D:1: 1404 daAuts
     D:3: 1001 daAuts
     D:2: 752 daAuts
